 Dungeon Crawl Stone Soup version 0.23-b1-13-gf37ab262a9 (webtiles) character file.

Game seed: 3359400421937054811

62500 Kaderl the Brawler (level 15, -4/116 HPs)
             Began as a Ghoul Gladiator on Feb 2, 2019.
             Was the Champion of Makhleb.
             Slain by a four-headed hydra (11 damage)
             ... on level 12 of the Dungeon on Feb 3, 2019.
             The game lasted 01:43:07 (21984 turns).

Kaderl the Brawler (Ghoul Gladiator)               Turns: 21984, Time: 01:43:07

Health: -4/116     AC: 15    Str: 22    XL:     15   Next: 6%
Magic:  17/17      EV: 25    Int: 10    God:    Makhleb [******]
Gold:   1013       SH:  0    Dex: 16    Spells: 14/14 levels left

rFire    . . .     SeeInvis .     - Unarmed
rCold    + + .     Gourm    .   (no shield)
rNeg     + + +     Faith    .   O - +0 troll leather armour
rPois    ∞         Spirit   .   b - +0 helmet
rElec    +         Reflect  .   j - +2 cloak
rCorr    .         Harm     .   V - +0 pair of gloves
MR       +....                  n - +2 pair of boots
Stlth    +++++.....             K - amulet of the Tempest {Inacc rElec rPois rC+ Dex+3}
HPRegen  0.00/turn              E - +4 ring of evasion
MPRegen  0.15/turn              M - ring "Urphedor" {AC+2 Int+7}

@: rotting
A: rotting body, claws 1, carnivore, cold resistance 1, negative energy
resistance 3, inhibited regeneration, torment resistance, unbreathing
a: Minor Destruction, Lesser Servant of Makhleb, Major Destruction, Greater
Servant of Makhleb, Renounce Religion


You were on level 12 of the Dungeon.
You worshipped Makhleb.
Makhleb was exalted by your worship.
You were not hungry.

You visited 4 branches of the dungeon, and saw 21 of its levels.
You also visited: Sewer and Gauntlet.

You collected 1326 gold pieces.
You spent 313 gold pieces at shops.

Inventory:

Missiles
 c - 8 throwing nets (quivered)
Armour
 b - a +0 helmet (worn)
 j - a +2 cloak (worn)
 n - a +2 pair of boots (worn)
 B - a +3 leather armour of poison resistance
 O - a +0 troll leather armour (worn)
 V - a +0 pair of gloves (worn)
Jewellery
 a - an uncursed ring of ice
 l - an uncursed ring of resist corrosion
 q - an uncursed ring of fire
 C - an uncursed ring of fire
 E - a +4 ring of evasion (left hand)
 G - an uncursed ring of protection from cold
 K - the amulet of the Tempest (around neck) {Inacc rElec rPois rC+ Dex+3}
   (You found it in a Gauntlet)

   [amulet of inaccuracy]

   It reduces the accuracy of all your attacks.
   It affects your dexterity (+3).
   It protects you from cold.
   It insulates you from electricity.
   It protects you from poison.
 M - the ring "Urphedor" (right hand) {AC+2 Int+7}
   (You found it in a Gauntlet)

   [ring of protection]

   It affects your AC (+2).
   It affects your intelligence (+7).
Wands
 r - a wand of iceblast (22)
 x - a wand of digging (6)
 y - a wand of scattershot (2)
 z - a wand of disintegration (14)
 A - a wand of random effects (45)
 H - a wand of acid (3)
 L - a wand of enslavement (23)
 N - a wand of polymorph (10)
 P - a wand of clouds (3)
 Z - a wand of paralysis (10)
Scrolls
 e - a scroll of vulnerability {unknown}
 g - 8 scrolls of amnesia
 h - 13 scrolls of remove curse
 k - 9 scrolls of teleportation
 s - 4 scrolls of fog
 w - 3 scrolls of enchant weapon
 F - 5 scrolls of identify
 T - a scroll of brand weapon
 U - a scroll of magic mapping
 X - a scroll of blinking
 Y - a scroll of holy word {unknown}
Potions
 f - 5 potions of flight
 i - 3 potions of agility
 m - 5 potions of might
 o - a potion of cancellation {unknown}
 p - 4 potions of invisibility
 t - 3 potions of degeneration {unknown}
 u - 7 potions of curing
 I - a potion of haste
 J - a potion of magic
 S - 2 potions of resistance {unknown}
Miscellaneous
 D - 2 phantom mirrors
 Q - a phial of floods (inert)
 R - a sack of spiders
 W - a crystal ball of energy
Comestibles
 d - 35 rations


   Skills:
 + Level 6.5 Fighting
 + Level 2.3 Throwing
 + Level 5.1 Armour
 * Level 12.9 Dodging
 * Level 11.1 Stealth
 + Level 18.4 Unarmed Combat
 - Level 4.0 Invocations
 + Level 1.7 Evocations


You had 14 spell levels left.
You didn't know any spells.
Your spell library contained the following spells:

 Spells                   Type           Power        Failure   Level  Hunger
 Corona                   Hex            #......      41%         1    ##.....
 Magic Dart               Conj           #...         41%         1    ##.....
 Shock                    Conj/Air       #...         41%         1    ##.....
 Summon Small Mammal      Summ           #...         41%         1    ##.....
 Blink                    Tloc           N/A          54%         2    ###....
 Call Imp                 Summ           #.......     54%         2    ###....
 Passwall                 Tmut/Erth      #.......     54%         2    ###....
 Slow                     Hex            #.......     54%         2    ###....
 Sticks to Snakes         Tmut           #.......     54%         2    ###....
 Swiftness                Chrm/Air       #.......     54%         2    ###....
 Call Canine Familiar     Summ           #.......     78%         3    ####...
 Conjure Flame            Conj/Fire      #.......     78%         3    ####...
 Inner Flame              Hex/Fire       #.......     78%         3    ####...
 Mephitic Cloud           Conj/Pois/Air  #.......     78%         3    ####...
 Portal Projectile        Hex/Tloc       #.....       78%         3    ####...
 Recall                   Summ/Tloc      N/A          78%         3    ####...
 Static Discharge         Conj/Air       #.......     78%         3    ####...
 Summon Guardian Golem    Hex/Summ       #.......     78%         3    ####...
 Airstrike                Air            #.........   99%         4    #####..
 Animate Dead             Necr           N/A          99%         4    #####..
 Cause Fear               Hex            #.........   99%         4    #####..
 Leda's Liquefaction      Hex/Erth       #.........   99%         4    #####..
 Passage of Golubria      Tloc           N/A          99%         4    #####..
 Summon Ice Beast         Ice/Summ       #.......     99%         4    #####..
 Summon Lightning Spire   Summ/Air       #.......     99%         4    #####..
 Aura of Abjuration       Summ           #.........   100%        5    ######.
 Bolt of Magma            Conj/Fire/Erth #.........   100%        5    ######.
 Borgnjor's Vile Clutch   Necr/Erth      #.........   100%        5    ######.
 Iskenderun's Battlesphe  Conj/Chrm      #.......     100%        5    ######.
 Lee's Rapid Deconstruct  Erth           #.........   100%        5    ######.
 Lightning Bolt           Conj/Air       #.........   100%        5    ######.
 Summon Demon             Summ           #.........   100%        5    ######.
 Summon Forest            Summ/Tloc      #.........   100%        5    ######.
 Summon Mana Viper        Hex/Summ       #.......     100%        5    ######.
 Venom Bolt               Conj/Pois      #.........   100%        5    ######.
 Darkness                 Hex            #.........   100%        6    #######
 Death Channel            Necr           #.........   100%        6    #######
 Invisibility             Hex            #.......     100%        6    #######
 Iron Shot                Conj/Erth      #.........   100%        6    #######
 Shadow Creatures         Summ           N/A          100%        6    #######
 Simulacrum               Ice/Necr       #.........   100%        6    #######
 Orb of Destruction       Conj           #.........   100%        7    #######
 Spellforged Servitor     Conj/Summ      #.........   100%        7    #######
 Beastly Appendage        Tmut           Unusable     N/A         1    N/A
 Spider Form              Tmut/Pois      Unusable     N/A         3    N/A
 Ice Form                 Ice/Tmut       Unusable     N/A         4    N/A
 Blade Hands              Tmut           Unusable     N/A         5    N/A

Dungeon Overview and Level Annotations

Branches:
Dungeon (13/15)            Temple (1/1) D:6            Lair (6/6) D:10
 Shoals (0/4) Lair:4        Snake (0/4) Lair:4        Slime (0/5) Lair:6
    Orc (1/2) D:10         Vaults (0/5) D:13

Altars:
Ashenzari
Cheibriados
Dithmenos
Elyvilon
Fedhas
Gozag
Hepliaklqana
Kikubaaqudgha
Makhleb
Nemelex Xobeh
Okawaru
Qazlal
Ru
Sif Muna
Trog
Uskayaw
Vehumet
Wu Jian
Xom
Yredelemnul
Zin
The Shining One
Jiyva

Shops:
D:12 ([*%   D:13 *

Portals:
Trove: D:10 (give +4 fire dragon scales)

Annotations:
Lair:6 1 runed translucent door
Orc:1 3 transporters, hofbold's ghost, journeyman MiTm


Innate Abilities, Weirdness & Mutations

Your body is rotting away.
You thrive on raw meat.
You are immune to poison.
You have sharp fingernails.
You are carnivorous and can eat meat at any time.
Your flesh is cold resistant. (rC+)
You are immune to negative energy. (rN+++)
You do not regenerate when monsters are visible.
You are immune to unholy pain and torment.
You can survive without breathing.


Message History

Aim: a four-headed hydra (lightly wounded, chance to defeat MR: 19%)
The four-headed hydra resists with almost no effort.
The four-headed hydra bites you!
* * * LOW HITPOINT WARNING * * *
The four-headed hydra misses you.
The four-headed hydra closely misses you.
The four-headed hydra completely misses you.
Okay, then.
Okay, then.
You feel better.
The four-headed hydra closely misses you.
The four-headed hydra bites you!
* * * LOW HITPOINT WARNING * * *
The four-headed hydra completely misses you. x2
There is an entrance to Eleipnuv's Weapon Shoppe here.
The four-headed hydra completely misses you.
The four-headed hydra misses you.
The four-headed hydra closely misses you.
The four-headed hydra bites you!
You die...

#.........'..# #...
#.........#### #...
#####÷##### ####
###.# ###... #...#
#...<. ###.#########
#..... #.........^.#
#..... #...........#
#..... #..@........#
#.....
#...D.......###.....
#...........#......(
#....∩........#.....
#.....>.....###[....
#...........# #.....
#...........# #.....
############# ######
##


You could see a four-headed hydra.

Vanquished Creatures
  Rupert (D:12)
  A minotaur (Gauntlet)
  Fannar (D:10)
  7 hydras
  Harold (D:9)
  A centaur warrior (D:13)
  3 two-headed ogres
  A death knight (D:13)
  Urug (Lair:6)
  An obsidian statue (Gauntlet)
  Pikel (D:6)
  A necromancer (Lair:5)
  2 ugly things
  2 oklob plants
  An orc sorcerer (Orc:1)
  2 cyclopes
  8 elephants
  7 black mambas
  19 spiny frogs
  A gargoyle (D:13)
  A kobold demonologist (D:13)
  A rime drake (Lair:3)
  A minotaur zombie (Gauntlet)
  A tengu conjurer (D:13)
  9 komodo dragons
  A queen bee (D:11)
  6 polar bears
  2 trolls
  Prince Ribbit (D:5)
  Grinder (D:3)
  10 blink frogs
  8 hippogriffs
  15 flying skulls (Gauntlet)
  42 yaks
  A wyvern (D:10)
  3 shadows (Gauntlet)
  2 basilisks
  A steam dragon (D:13)
  4 vampire mosquitoes
  An acid dragon (D:7)
  A naga (Lair:4)
  Duvessa (D:6)
  4 porcupines
  13 water moccasins
  5 black bears
  5 phantoms
  2 slaves (D:6)
  2 ice beasts
  17 orc warriors
  3 sky beasts
  An eye of draining (D:13)
  11 ogres
  21 wolves
  10 crocodiles
  5 centaurs
  Blork the orc (D:6)
  4 big kobolds
  12 bullfrogs
  Dowan (D:6)
  4 scorpions
  3 wights (D:10)
  23 killer bees
  4 howler monkeys
  3 electric eels (Lair:3)
  A bullfrog zombie (D:11)
  6 crimson imps
  A quasit (D:13)
  5 centaur zombies
  3 bullfrog skeletons
  12 hounds
  4 centaur skeletons
  16 orc priests
  Crazy Yiuf (D:2)
  A jelly (D:10)
  5 iguanas
  Natasha (thrice) (D:2)
  15 orc wizards
  11 worker ants
  4 polar bear simulacra (Lair:5)
  2 yak simulacra (Lair:5)
  2 wolf simulacra (Lair:5)
  Robin (D:2)
  A worker ant zombie (D:8)
  7 gnolls
  9 adders
  8 river rats
  5 shadow imps
  An ooze (D:6)
  2 adder skeletons (D:4)
  4 worms
  3 leopard geckos
  72 orcs
  9 ball pythons
  4 bats
  9 giant cockroaches
  16 goblins
  9 hobgoblins
  19 jackals
  30 kobolds
  A quokka (D:2)
  3 frilled lizards
  A leopard gecko skeleton (D:4)
  A quokka skeleton (D:4)
  24 rats
  3 river rat simulacra (Lair:5)
  4 plants
667 creatures vanquished.

Vanquished Creatures (collateral kills)
  An unseen horror (D:10)
  A blink frog (Lair:5)
  An ice beast (D:13)
  An orc wizard (D:12)
  An orc (D:12)
5 creatures vanquished.

Vanquished Creatures (others)
  2 slaves (D:6)
  2 orc wizards (D:4)
  A leopard gecko (D:4)
  An orc (D:6)
  2 jackals (D:4)
  15 fungi
  13 plants (Lair:6)
36 creatures vanquished.

Grand Total: 708 creatures vanquished

Notes
Turn   | Place    | Note
-------+----------+-------------------------------------------
     0 | D:1      | Kaderl the Ghoul Gladiator began the quest for the Orb.
     0 | D:1      | Reached XP level 1. HP: 17/17 MP: 0/0
    46 | D:1      | Reached XP level 2. HP: 3/24 MP: 1/1
   478 | D:2      | Noticed Robin
   699 | D:2      | Reached XP level 3. HP: 28/29 MP: 2/2
   788 | D:2      | Reached skill level 4 in Unarmed Combat
   791 | D:2      | HP: 1/30 [worm (11)]
   929 | D:2      | Found a runed translucent door.
   930 | D:2      | Noticed Crazy Yiuf
  1124 | D:2      | Killed Crazy Yiuf
  1124 | D:2      | Reached XP level 4. HP: 8/37 MP: 3/3
  1271 | D:2      | Killed Robin
  1566 | D:2      | Noticed Natasha
  1754 | D:3      | Found a glowing drain.
  1765 | D:3      | Reached XP level 5. HP: 33/42 MP: 4/4
  1784 | Sewer    | Entered a sewer
  1961 | Sewer    | Reached skill level 1 in Armour
  2192 | Sewer    | Noticed a big kobold
  2192 | Sewer    | Noticed a big kobold
  2212 | Sewer    | Killed a big kobold
  2212 | Sewer    | Reached skill level 5 in Unarmed Combat
  2212 | Sewer    | Reached XP level 6. HP: 15/50 MP: 5/5
  2826 | D:3      | Noticed Grinder
  2828 | D:3      | Paralysed by Grinder for 5 turns
  2853 | D:3      | Killed Grinder
  2853 | D:3      | Reached skill level 5 in Dodging
  2853 | D:3      | Reached skill level 6 in Unarmed Combat
  2853 | D:3      | Reached XP level 7. HP: 52/57 MP: 6/6
  3022 | D:3      | Found a glowing silver altar of Zin.
  3022 | D:3      | Found an opulent altar of Gozag.
  3589 | D:2      | Killed Natasha
  3696 | D:2      | Noticed Natasha
  3702 | D:2      | Killed Natasha
  3850 | D:2      | Noticed Natasha
  3856 | D:2      | Killed Natasha
  4074 | D:4      | Reached skill level 7 in Unarmed Combat
  4074 | D:4      | Reached XP level 8. HP: 48/63 MP: 7/7
  4211 | D:4      | Found a shimmering altar of Xom.
  4543 | D:5      | Entered Level 5 of the Dungeon
  4564 | D:5      | Reached skill level 8 in Unarmed Combat
  4601 | D:5      | Found a sacrificial altar of Ru.
  4677 | D:5      | Noticed Prince Ribbit
  4735 | D:5      | Killed Prince Ribbit
  4751 | D:5      | Found a radiant altar of Vehumet.
  4761 | D:5      | Reached skill level 1 in Stealth
  4957 | D:5      | Reached skill level 9 in Unarmed Combat
  5001 | D:5      | Reached XP level 9. HP: 57/70 MP: 8/8
  5045 | D:5      | Found a hazy altar of Hepliaklqana.
  5059 | D:5      | Found a sparkling altar of Nemelex Xobeh.
  5189 | D:6      | Noticed Blork the orc
  5189 | D:6      | Noticed Duvessa
  5189 | D:6      | Noticed Dowan
  5265 | D:6      | HP: 2/70 [orc warrior/+0 hand axe (10)]
  5850 | D:6      | Killed Blork the orc
  6068 | D:6      | Noticed Pikel
  6079 | D:6      | Killed Pikel
  6079 | D:6      | Reached skill level 10 in Unarmed Combat
  6217 | D:6      | Killed Duvessa
  6241 | D:6      | Killed Dowan
  6340 | D:6      | Found a staircase to the Ecumenical Temple.
  6354 | Temple   | Entered the Ecumenical Temple
  6447 | Temple   | Became a worshipper of Makhleb the Destroyer
  6986 | D:7      | Reached XP level 10. HP: 80/80 MP: 9/9
  7358 | D:7      | Found a basalt altar of Yredelemnul.
  7360 | D:7      | Noticed a profane servitor
  7381 | D:7      | Found a glowing golden altar of the Shining One.
  7383 | D:7      | Noticed an angel
  7421 | D:7      | Reached skill level 1 in Invocations
  7572 | D:8      | Reached * piety under Makhleb
  7578 | D:8      | Reached skill level 11 in Unarmed Combat
  7700 | D:8      | Found a shimmering altar of Xom.
  8179 | D:9      | You fall through a shaft for 3 floors!
  8199 | D:12     | Noticed Rupert
  8200 | D:12     | Paralysed by Rupert for 3 turns
  8220 | D:11     | Noticed a cyclops
  8389 | D:11     | You fall through a shaft!
  8561 | D:11     | Killed a cyclops
  8561 | D:11     | Reached skill level 12 in Unarmed Combat
  8589 | D:11     | Reached ** piety under Makhleb
  8619 | D:11     | Noticed a white ugly thing
  8773 | D:12     | Reached XP level 11. HP: 72/85 MP: 12/12
  8858 | D:12     | Found Meeneset's Armour Shop.
  8861 | D:12     | Bought the +1 leather armour "Zoyhui" {Dex+4} for 313 gold
                  | pieces
  8898 | D:12     | Noticed a cyclops
  8917 | D:12     | Killed a cyclops
  8987 | D:11     | Reached skill level 13 in Unarmed Combat
  9061 | D:11     | Reached *** piety under Makhleb
  9368 | D:10     | Entered Level 10 of the Dungeon
  9368 | D:10     | Found a staircase to the Orcish Mines.
  9401 | D:10     | Noticed Fannar
  9419 | D:10     | Noticed an oklob plant
  9487 | D:10     | Noticed a two-headed ogre
  9494 | D:10     | Killed a two-headed ogre
  9494 | D:10     | Reached skill level 5 in Fighting
  9567 | D:10     | Noticed a two-headed ogre
  9575 | D:10     | Killed a two-headed ogre
  9841 | D:10     | Killed Fannar
  9841 | D:10     | Reached skill level 14 in Unarmed Combat
  9908 | D:10     | Found a portal to a secret trove of treasure.
  9940 | D:10     | Found a staircase to the Lair.
 10037 | D:9      | Noticed Harold
 10123 | D:9      | Killed Harold
 10123 | D:9      | Reached skill level 5 in Stealth
 10183 | D:9      | Reached **** piety under Makhleb
 10316 | D:9      | Reached XP level 12. HP: 88/94 MP: 14/14
 10401 | D:9      | Noticed a two-headed ogre
 10429 | D:9      | Found a white marble altar of Elyvilon.
 10493 | D:9      | Killed a two-headed ogre
 10518 | D:9      | Found a stormy altar of Qazlal.
 11142 | Orc:1    | Entered Level 1 of the Orcish Mines
 11143 | Orc:1    | Found a transporter.
 11187 | Orc:1    | Found a transporter.
 11189 | Orc:1    | Noticed hofbold's ghost (journeyman MiTm)
 11190 | Orc:1    | Found a transporter.
 11190 | Orc:1    | Noticed a two-headed ogre
 11191 | Orc:1    | Noticed a two-headed ogre
 11192 | Orc:1    | Noticed a two-headed ogre
 11192 | Orc:1    | Identified the +3 dire flail of Quick Death {vamp, *Noise
                  | rPois Int-3 Dex+8 SInv}
 11192 | Orc:1    | Identified the cursed +1 great mace of Esmavun {flame,
                  | rElec SInv}
 11192 | Orc:1    | Noticed a two-headed ogre
 11264 | Orc:1    | Noticed an orc warlord
 11284 | Orc:1    | Noticed a stone giant
 11286 | Orc:1    | Noticed a stone giant
 11313 | D:10     | Reached skill level 10 in Dodging
 12785 | D:12     | Killed Rupert
 12785 | D:12     | Reached skill level 15 in Unarmed Combat
 12983 | D:12     | Found Bisoc's Assorted Antiques.
 13018 | D:12     | Found Osej's Food Shoppe.
 13145 | D:12     | Reached ***** piety under Makhleb
 13273 | D:12     | Found Eleipnuv's Weapon Shoppe.
 13417 | D:13     | Noticed a death knight
 13426 | D:13     | Killed a death knight
 13529 | D:13     | Found Reigairo's Assorted Antiques.
 13604 | D:13     | Found a gate leading to a gauntlet.
 13613 | Gauntlet | Entered a Gauntlet
 13613 | Gauntlet | Found a large runed translucent door.
 13613 | Gauntlet | Found a large runed translucent door.
 13613 | Gauntlet | Found a large runed translucent door.
 13613 | Gauntlet | Found a large runed translucent door.
 13613 | Gauntlet | Found a large runed translucent door.
 13613 | Gauntlet | Found a large runed translucent door.
 13613 | Gauntlet | Found a runed translucent door.
 13613 | Gauntlet | Found a transporter.
 13613 | Gauntlet | Found a transporter.
 13613 | Gauntlet | Found a runed translucent door.
 13613 | Gauntlet | Found a large runed translucent door.
 13613 | Gauntlet | Found a large runed translucent door.
 13613 | Gauntlet | Found a large runed translucent door.
 13613 | Gauntlet | Found a large runed translucent door.
 13613 | Gauntlet | Found a large runed translucent door.
 13613 | Gauntlet | Found a large runed translucent door.
 13615 | Gauntlet | Found a large runed translucent door.
 13615 | Gauntlet | Found a large runed translucent door.
 13616 | Gauntlet | Found a runed translucent gate.
 13616 | Gauntlet | Found a runed translucent gate.
 13616 | Gauntlet | Found a runed translucent gate.
 13618 | Gauntlet | Found a transporter.
 13629 | Gauntlet | Found a large runed translucent door.
 13630 | Gauntlet | Found a large runed translucent door.
 13636 | Gauntlet | Found a transporter.
 13652 | Gauntlet | Found a transporter.
 13664 | Gauntlet | Found a transporter.
 13745 | Gauntlet | Noticed a death ooze
 13750 | Gauntlet | Found a transporter.
 13759 | Gauntlet | Found a transporter.
 13776 | Gauntlet | Found a transporter.
 13791 | Gauntlet | Found a transporter.
 13872 | Gauntlet | Found a transporter.
 13872 | Gauntlet | Found a transporter.
 13883 | Gauntlet | Found a transporter.
 13883 | Gauntlet | Found a transporter.
 13892 | Gauntlet | Found a transporter.
 13892 | Gauntlet | Found a transporter.
 13947 | Gauntlet | Reached XP level 13. HP: 84/101 MP: 15/15
 13956 | Gauntlet | Got a scintillating copper amulet
 13957 | Gauntlet | Identified the amulet of the Tempest {Inacc rElec rPois rC+
                  | Dex+3} (You found it in a Gauntlet)
 14001 | Gauntlet | Got a brightly glowing platinum ring
 14091 | Gauntlet | Reached skill level 16 in Unarmed Combat
 14146 | Gauntlet | Identified the ring "Urphedor" {AC+2 Int+7} (You found it
                  | in a Gauntlet)
 14201 | Gauntlet | Noticed a minotaur
 14217 | Gauntlet | Killed a minotaur
 14439 | D:13     | Found a gate to the Vaults.
 14439 | D:13     | Noticed an ironheart preserver
 14947 | Lair:1   | Entered Level 1 of the Lair of Beasts
 15130 | Lair:1   | Found the +18 shield of the Gong {rElec rN+ MR+ EV-5}
 16833 | Lair:2   | Reached skill level 1 in Evocations
 16992 | Lair:1   | Reached skill level 17 in Unarmed Combat
 17019 | Lair:2   | HP: 5/101 [eight-headed hydra (8)]
 17148 | Lair:2   | HP: 5/102 [eight-headed hydra (15)]
 17701 | Lair:1   | You fall through a shaft!
 17851 | Lair:3   | Reached XP level 14. HP: 109/110 MP: 16/16
 17897 | Lair:3   | Reached skill level 10 in Stealth
 18276 | Lair:3   | Reached ****** piety under Makhleb
 18676 | Lair:4   | Found a staircase to the Shoals.
 18691 | Lair:4   | Reached skill level 5 in Armour
 18810 | Lair:4   | Found a staircase to the Snake Pit.
 19262 | Lair:4   | Found a stormy altar of Qazlal.
 20330 | Lair:6   | Entered Level 6 of the Lair of Beasts
 20382 | Lair:6   | Noticed Urug
 20462 | Lair:6   | Reached skill level 18 in Unarmed Combat
 20588 | Lair:6   | Killed Urug
 20960 | Lair:6   | Found a runed translucent door.
 20960 | Lair:6   | Found a viscous altar of Jiyva.
 20960 | Lair:6   | Noticed an azure jelly
 20962 | Lair:6   | Found a staircase to the Slime Pits.
 20963 | Lair:6   | Noticed an azure jelly
 21180 | Lair:6   | Reached XP level 15. HP: 116/116 MP: 17/17
 21785 | D:13     | Found a bloodstained altar of Trog.
 21979 | D:12     | HP: 3/116 [four-headed hydra (12)]
 21984 | D:12     | Slain by a four-headed hydra

Skill      XL: |  1  2  3  4  5  6  7  8  9 10 11 12 13 14 |
---------------+-------------------------------------------+-----
Dodging        | 3 4 5 6 7 8 9 10 11 12 | 12.9
Unarmed Combat | 4 5 6 7 9 10 12 14 15 17 18 | 18.4
Armour         | 1 2 3 4 5 |  5.1
Fighting       | 3 4 5 6 |  6.5
Stealth        | 1 2 3 5 7 9 11 | 11.1
Invocations    | 3 4 |  4.0
Evocations     | 1 |  1.7
Throwing       | 2 |  2.3

Action                   |  1- 3 |  4- 6 |  7- 9 | 10-12 | 13-15 || total
-------------------------+-------+-------+-------+-------+-------++-------
Melee: Unarmed           |   117 |   262 |   498 |   911 |  1208 ||  2996
       Punch             |     2 |     4 |    13 |    62 |   136 ||   217
Throw: Throwing net      |       |       |       |       |     6 ||     6
Invok: Lesser Servant of |       |       |       |     2 |     1 ||     3
Evoke: Wand              |       |       |     2 |       |    30 ||    32
       Sack of spiders   |       |       |       |       |     2 ||     2
       Phial of floods   |       |       |       |       |     2 ||     2
  Use: Scroll            |     6 |     1 |     4 |    18 |    11 ||    40
       Potion            |       |     2 |       |     3 |     6 ||    11
 Stab: Sleeping          |       |       |       |    10 |    24 ||    34
       Invisible         |       |       |       |       |    15 ||    15
       Distracted        |       |       |       |       |     4 ||     4
       Held in net/web   |       |       |       |       |     1 ||     1
  Eat: Chunk             |    15 |    34 |    59 |   110 |    85 ||   303
       Ration            |       |       |     1 |       |     1 ||     2
Armor: Leather armour    |    38 |   135 |   121 |   205 |    15 ||   514
       Troll leather arm |       |       |       |       |   226 ||   226
Dodge: Dodged            |    91 |   299 |   297 |   787 |  1411 ||  2885
